 Dungeon Crawl Stone Soup version 0.31.0-9-g3a7656b989 (webtiles) character file.

Game seed: 16192194852232598910

130 qw the Ducker (level 4, -3/23 HPs)
             Began as a Spriggan Hunter on Feb 2, 2024.
             Slain by an ufetubus (4 damage)
             ... on level 3 of the Dungeon.
             The game lasted 00:00:06 (1557 turns).

qw the Ducker (Spriggan Hunter)                     Turns: 1557, Time: 00:00:06

Health: -3/23      AC:  2    Str:  7    XL:     4   Next: 90%
Magic:  5/5        EV: 25    Int: 10    God:
Gold:   94         SH:  0    Dex: 20    Spells: 3/3 levels left

rFire   . . .        a - +0 shortbow
rCold   . . .        (shield currently unavailable)
rNeg    . . .        c - +0 robe
rPois   .            (helmet restricted)
rElec   .            (no cloak)
rCorr   .            (gloves unavailable)
SInv    +            (boots unavailable)
Will    .....        (no amulet)
Stlth   ++           f - +5 ring of evasion
HPRegen 0.23/turn    (no ring)
MPRegen 0.09/turn

%: no passive effects
@: very quick
A: very small, no large weapons, unfitting armour, see invisible, speed 3
a: no special abilities


You were on level 3 of the Dungeon.
You visited 1 branch of the dungeon, and saw 3 of its levels.

You collected 94 gold pieces.


Innate Abilities, Weirdness & Mutations

You are very small and have problems with some larger weapons.
You are too small for most types of armour.
You have supernaturally acute eyesight. (SInv)
You cover ground extremely quickly. (Speed+++)


   Skills:
 - Level 2.0 Fighting
 + Level 5.0 Ranged Weapons
 - Level 5.2 Dodging
 - Level 1.5 Stealth


You had 3 spell levels left.
You didn't know any spells.
Your spell library was empty.

Inventory:

Hand Weapons
 a - a +0 shortbow (weapon)
Armour
 c - a +0 robe (worn)
Jewellery
 f - a +5 ring of evasion (left hand)
Wands
 h - a wand of flame (16)
Potions
 d - a potion of haste

Dungeon Overview and Level Annotations

Branches:
Dungeon (3/15)

Altars:

Shops:
D:1 :


Message History

An ufetubus comes into view.
You shoot an arrow. The arrow barely misses the ufetubus.
The ufetubus completely misses you. x2; The ufetubus closely misses you.
The ufetubus completely misses you.
You shoot an arrow. The arrow closely misses the ufetubus.
The ufetubus barely misses you. The ufetubus completely misses you.
The ufetubus barely misses you. The ufetubus hits you.
The ufetubus hits you but does no damage.
The ufetubus completely misses you.
You shoot an arrow. The arrow closely misses the ufetubus.
The ufetubus hits you. The ufetubus completely misses you.
The ufetubus barely misses you. x2; The ufetubus closely misses you.
The ufetubus misses you.
A rat comes into view.
You shoot an arrow. The arrow closely misses the ufetubus.
The ufetubus completely misses you. The ufetubus barely misses you.
The ufetubus misses you.
The ufetubus hits you but does no damage.
The ufetubus hits you. The ufetubus completely misses you.
The ufetubus misses you. The ufetubus completely misses you.
You shoot an arrow. The arrow hits the ufetubus.
The ufetubus is moderately wounded.
The ufetubus completely misses you. x4; The ufetubus barely misses you.
The ufetubus closely misses you. The ufetubus misses you. x2
The rat completely misses you.
You shoot an arrow. The arrow closely misses the ufetubus.
The ufetubus misses you. The ufetubus completely misses you.
The ufetubus closely misses you. The ufetubus misses you.
The rat twitches its whiskers.
The rat closely misses you. The ufetubus closely misses you.
The ufetubus hits you.
You shoot an arrow. The arrow closely misses the ufetubus.
The ufetubus barely misses you. The ufetubus closely misses you.
The ufetubus misses you. The ufetubus completely misses you.
The ufetubus closely misses you. The ufetubus completely misses you.
The rat bites you.
You shoot an arrow. The arrow misses the ufetubus.
The ufetubus closely misses you. The ufetubus completely misses you.
The ufetubus misses you. The ufetubus closely misses you.
The ufetubus hits you.
You die...

#.. #.# #.# #
#.# ###.#
.......
#.#..##.#
#.##5r.....#
#...@.......
#......5.?.....
#######.#......
#.##+##.# #.# #
..+ #.# #.#


You could see 2 ufetubi and a rat.

Vanquished Creatures
  Jessica (D:2)
  Robin (D:2)
  2 gnolls (D:3)
  2 adders (D:2)
  A ribbon worm (D:2)
  A dart slug (D:1)
  4 ball pythons (D:2)
  A bat (D:2)
  5 endoplasms
  A giant cockroach (D:2)
  11 goblins
  7 hobgoblins
  2 jackals (D:1)
  3 quokkas
  3 frilled lizards
  A rat (D:2)
46 creatures vanquished.

Notes
Turn   | Place    | Note
-------+----------+-------------------------------------------
     0 | D:1      | qw the Spriggan Hunter began the quest for the Orb.
     0 | D:1      | Reached XP level 1. HP: 10/10 MP: 2/2
     0 | D:1      | 0 ||| qw: Version: 0.3-a-155-g5e7d8dd
     0 | D:1      | 0 ||| qw: Game counter: 1474
     0 | D:1      | 0 ||| qw: Melee chars always use a shield: true
     0 | D:1      | 0 ||| qw: God list: Okawaru
     0 | D:1      | 0 ||| qw: Allow faded altars: false
     0 | D:1      | 0 ||| qw: Do Orc after clearing Dungeon:15 true
     0 | D:1      | 0 ||| qw: Do second Lair branch before Depths: true
     0 | D:1      | 0 ||| qw: Lair rune preference: random
     0 | D:1      | 0 ||| qw: Goals: Normal
     0 | D:1      | 0 ||| PLANNING D:1-11
    45 | D:1      | Reached skill level 3 in Dodging
    70 | D:1      | Reached XP level 2. HP: 14/14 MP: 3/3
   451 | D:1      | Found Vess's Book Shoppe.
   473 | D:1      | 473 ||| DROPPING amulet of magic regeneration.
   474 | D:1      | 474 ||| UPGRADING to +5 ring of evasion.
   475 | D:1      | 475 ||| READING scroll labelled NIWERIBIAPS.
   475 | D:1      | 475 ||| IDENTIFYING cyan potion
   476 | D:1      | 476 ||| READING scroll labelled WUFUDO GAOGA.
   480 | D:1      | 480 ||| DROPPING scroll of butterflies.
   553 | D:2      | Reached XP level 3. HP: 8/18 MP: 4/4
   671 | D:2      | Noticed Robin
   683 | D:2      | HP: 4/18 [Robin/+0 spear (2)]
   695 | D:2      | Killed Robin
   837 | D:2      | Reached XP level 4. HP: 22/22 MP: 5/5
  1232 | D:2      | Noticed Jessica
  1236 | D:2      | Killed Jessica
  1253 | D:2      | 1253 ||| READING scroll of identify.
  1253 | D:2      | 1253 ||| IDENTIFYING 3 green potions
  1254 | D:2      | 1254 ||| READING scroll labelled XUPODUE ALOU.
  1355 | D:2      | 1355 ||| READING scroll labelled ERHUTIH ZOYK.
  1356 | D:2      | 1356 ||| READING scroll labelled GUFUTTICEI.
  1357 | D:2      | 1357 ||| READING scroll labelled WIRAUHEALO.
  1358 | D:2      | 1358 ||| DROPPING 3 potions of degeneration.
  1360 | D:2      | 1360 ||| Stepping ~*~*~tactically~*~*~ (cloud).
  1494 | D:3      | HP: 1/23 [gnoll/+0 halberd (9)]
  1495 | D:3      | 1495 ||| READING scroll of teleportation.
  1553 | D:3      | HP: 5/23 [ufetubus (5)]
  1556 | D:3      | HP: 1/23 [rat (3)]
  1557 | D:3      | Slain by an ufetubus

Levels and vault maps discovered:
D:1:      psy_arrival_radial01, layout_rooms, serial_shops,
          nicolae_shop_behind_doors, minmay_misc_feat_room
D:2:      layout_basic, minmay_tetromino_o4, uniq_jessica, uniq_robin
D:3:      layout_basic, gammafunk_ghost_cemetery, dreamdust_princess_bridge,
          nrook_loot_triangle

Skill      XL: |  1  2  3  4 |
---------------+-------------+-----
Dodging        | 3 4 5 |  5.2
Ranged Weapons | 5 |  5.0
Fighting       | 2 |  2.0
Stealth        | |  1.5

Action                     |  1- 3 |  4- 6 || total
---------------------------+-------+-------++-------
   Fire: Shortbow          |   102 |    46 ||   148
    Use: Scroll            |     2 |     6 ||     8
 Armour: Robe              |    13 |    12 ||    25
  Dodge: Dodged            |    64 |    70 ||   134

Table legend:
 A = Non-vault XP
 B = Vault XP
 C = Vault XP percentage of total XP
 D = Non-vault monster count
 E = Vault monster count
 F = Vault count percentage of total count
                 A         B        C        D         E       F
            +---------+---------+-------+---------+---------+-------
      Total |      96 |      91 |  48.7 |      30 |      16 |  34.8
            +---------+---------+-------+---------+---------+-------
        D:1 |      26 |       0 |   0.0 |      13 |       0 |   0.0
        D:2 |      38 |      91 |  70.5 |      13 |      16 |  55.2
        D:3 |      32 |       0 |   0.0 |       4 |       0 |   0.0
            +---------+---------+-------+---------+---------+-------
